 Dungeon Crawl Stone Soup version 0.28.0-45-g0d030f2227 (webtiles) character file.

Game seed: 6459920378046565231

246 zeratav the Insei (level 6, 0/41 HPs)
             Began as an Octopode Transmuter on Apr 7, 2022.
             Killed by nerve-wracking pain
             ... invoked by Menkaure
              (11 damage)
             ... in an ossuary.
             The game lasted 00:06:09 (2320 turns).

zeratav the Insei (Octopode Transmuter)             Turns: 2320, Time: 00:06:10

Health: 0/41       AC:  5    Str: 11    XL:     6   Next: 11%
Magic:  8/9        EV: 14    Int: 16    God:
Gold:   94         SH:  0    Dex: 12    Spells: 8/9 levels left

rFire   . . .      SeeInvis .   e - +2 flail (vorpal)
rCold   . . .      Faith    .   (no shield)
rNeg    . . .      Spirit   .   (helmet currently unavailable)
rPois   .          Reflect  .   (no amulet)
rElec   .          Harm     .   i - +4 ring of protection
rCorr   .          Rampage  .   (no ring)
Will    .....                   (no ring)
Stlth   ++........              (no ring)
HPRegen 0.13/turn               (no ring)
MPRegen 0.11/turn               (no ring)
                                (no ring)
                                (no ring)

@: appendages
A: tentacle spike 3, almost no armour, amphibious, 8 rings, camouflage 1,
gelatinous body 1, (nimble swimmer 1), tentacles
a: End Transformation


You were in an ossuary.
One of your tentacles had grown a beastly spike.
You visited 1 branch of the dungeon, and saw 3 of its levels.
You also visited: Ossuary.

You collected 94 gold pieces.

Inventory:

Hand Weapons
 e - a +2 vorpal flail (weapon)
Jewellery
 i - a +4 ring of protection (left tentacle)
Scrolls
 a - a scroll of fog {unknown}
 b - a scroll of fear {unknown}
 c - 3 scrolls of teleportation {unknown}
 d - a scroll of identify {unknown}
 f - a scroll of amnesia {unknown}
 g - a scroll of summoning {unknown}
Potions
 h - 2 potions of might {unknown}
 j - a potion of curing {unknown}


   Skills:
 + Level 2.9 Fighting
 + Level 3.5 Dodging
 * Level 5.1 Unarmed Combat
 - Level 2.0 Spellcasting
 - Level 2.0 Transmutations


You had 8 spell levels left.
You knew the following spells:

 Your Spells              Type           Power      Damage    Failure   Level
a - Beastly Appendage     Tmut           16%        N/A       9%          1

Your spell library contained the following spells:

 Spells                   Type           Power      Damage    Failure   Level
 Wereblood                Tmut           8%         N/A       14%         2
 Spider Form              Tmut/Pois      4%         N/A       38%         3
 Ice Form                 Ice/Tmut       4%         N/A       80%         4


Dungeon Overview and Level Annotations

Branches:
Dungeon (4/15)            Ossuary (1/1)
 Temple: D:4-7

Altars:
Zin

Annotations:
Ossuary Menkaure


Innate Abilities, Weirdness & Mutations

One of your tentacles has grown a beastly spike.
You cannot wear most types of armour.
You are amphibious.
You can wear up to eight rings at the same time.
Your skin changes colour to match your surroundings (Stealth+).
Your rubbery body absorbs attacks. (AC +1, EV +1)
((You are camouflaged when in or above water. (Stealth+)))
You have tentacles for arms and can constrict up to eight enemies at once.


Message History

You sock the orc skeleton!
You destroy the orc skeleton!
A mummy comes into view.
Menkaure, Prince of Dust comes into view.
Menkaure shouts!
A mummy comes into view.
Menkaure mumbles some strange words.
Menkaure seems to speed up.
Menkaure's ankle releases a plume of dust as he confides, "I'm not really a mummy, you know."
You closely miss the mummy. You grab the mummy.
You constrict the mummy, but do no damage.
The mummy hits you but does no damage.
You hit the mummy.
The mummy is moderately damaged.
You constrict the mummy. The mummy completely misses you.
You hit the mummy.
The mummy is heavily damaged.
You constrict the mummy. The mummy closely misses you.
You hit the mummy.
The mummy is almost destroyed.
You constrict the mummy.
You destroy the mummy!
Menkaure gestures at you while chanting.
Pain shoots through your body!
Menkaure calls on the powers of darkness!
Your body is wracked with pain!
Casting: Beastly Appendage (safe; 9% risk of failure)
Confirm with . or Enter, or press ? or * to list all spells.
One of your tentacles grows a vicious spike.
Menkaure calls on the powers of darkness!
Your body is wracked with pain!
* * * LOW HITPOINT WARNING * * *
Menkaure barely misses you.
You hit Menkaure. You grab Menkaure.
You pierce Menkaure.
You squeeze Menkaure, but do no damage.
Menkaure is heavily damaged.
You constrict Menkaure. Menkaure barely misses you.
Menkaure casts a spell at you. Pain shoots through your body!
You die...

##..##..##..####..##..##..##
##..##..##..## ##..##..##..##
##..##..##..## ##..##..##..##
##..##..##..## ##..##..##..#
#.^##..##..## ##..##..##..
^.##..##..## ##..##..##.
.##..##..## ##..##..##
##..##..##############''##..##..#
#..##...........@MM..... ##.^##..
..##########################..##.
...............................##
#################################
.................................
#################################


You could see Menkaure (fast) and a mummy.

Vanquished Creatures
  A black bear (D:4)
  A bullfrog skeleton (D:4)
  2 mummies
  An adder (D:2)
  3 dart slugs
  7 orcs (D:2)
  3 ball pythons
  4 endoplasms
  A giant cockroach (D:1)
  7 goblins
  4 hobgoblins
  2 kobolds
  A quokka (D:1)
  A bat (D:2)
  2 frilled lizards (D:1)
  3 gnoll skeletons (Ossuary)
  4 gnoll zombies (Ossuary)
  3 goblin skeletons (Ossuary)
  A goblin zombie (Ossuary)
  4 hobgoblin skeletons (Ossuary)
  3 hobgoblin zombies (Ossuary)
  6 kobold skeletons (Ossuary)
  6 kobold zombies
  3 orc skeletons (Ossuary)
  4 orc zombies (Ossuary)
  2 rats (D:1)
  5 rat skeletons (Ossuary)
  8 rat zombies (Ossuary)
92 creatures vanquished.

Vanquished Creatures (others)
  4 plants (D:2)
4 creatures vanquished.

Grand Total: 96 creatures vanquished

Notes
Turn   | Place    | Note
-------+----------+-------------------------------------------
     0 | D:1      | zeratav the Octopode Transmuter began the quest for the
                  | Orb.
     0 | D:1      | Reached XP level 1. HP: 13/13 MP: 3/3
    88 | D:1      | Reached XP level 2. HP: 10/18 MP: 3/5
   464 | D:1      | Reached XP level 3. HP: 8/23 MP: 6/6
  1838 | D:2      | Reached skill level 4 in Unarmed Combat
  1838 | D:2      | Reached XP level 4. HP: 29/29 MP: 4/7
  1852 | D:2      | You fall into a shaft and drop 2 floors!
  1852 | D:4      | Noticed a scorpion
  1864 | D:4      | Found a glowing silver altar of Zin.
  1916 | D:4      | Noticed a black bear
  1921 | D:4      | Killed a black bear
  1922 | D:4      | Reached XP level 5. HP: 26/35 MP: 8/8
  2038 | D:4      | Found a sand-covered staircase.
  2044 | Ossuary  | Entered an ossuary
  2182 | Ossuary  | Reached skill level 5 in Unarmed Combat
  2217 | Ossuary  | Reached XP level 6. HP: 41/41 MP: 9/9
  2308 | Ossuary  | Noticed Menkaure
  2320 | Ossuary  | Killed from afar by Menkaure

Illustrated notes

Levels and vault maps discovered:
D:1:      dpeg_arrival_arbitrary_b, layout_rooms, serial_corexii_hall,
          corexii_hall_statues_i, corexii_hall_statues_x,
          hangedman_decor_clover_reticule, chequers_serial_rivers_micro_a
D:2:      layout_basic, serial_forest, infiniplex_forest_corner_1,
          infiniplex_forest_end_2, infiniplex_forest_clump_tiny,
          infiniplex_forest_lined_ring, infiniplex_forest_clump_double,
          ebering_ecumenical_altar_mist
D:4:      layout_cave_pools, mainiacjoe_overflow_six_doors_small,
          old_standard_altar, nicolae_ossuary_entry_giza, uniq_grinder
Ossuary:  ossuary_due_pyramid

Skill      XL: |  1  2  3  4  5 |
---------------+----------------+-----
Unarmed Combat | 4 5 |  5.1
Fighting       | 2 |  2.9
Dodging        | 3 |  3.5
Spellcasting   | |  2.0
Transmutations | |  2.0

Action                   |  1- 3 |  4- 6 || total
-------------------------+-------+-------++-------
Melee: Unarmed           |    49 |       ||    49
       Constrict         |    21 |    33 ||    54
       Tentacles         |    17 |    18 ||    35
       Kick              |    11 |     8 ||    19
       Punch             |     2 |     6 ||     8
       Flail             |    20 |   102 ||   122
 Cast: Beastly Appendage |    17 |     5 ||    22
 Stab: Sleeping          |       |     3 ||     3
Armor: Skin              |     7 |    15 ||    22
Dodge: Dodged            |    36 |    53 ||    89
